 Dungeon Crawl Stone Soup version 0.28.0-49-g6dfe1f597d (webtiles) character file.

Game seed: 15830380019138730469

102 styxcanada the Sneak (level 4, -1/23 HPs)
             Began as a Spriggan Brigand on May 14, 2022.
             Was an Initiate of Gozag.
             Killed from afar by Ijyb (10 damage)
             ... with an iceblast
             ... on level 3 of the Dungeon on May 15, 2022.
             The game lasted 00:07:39 (1830 turns).

styxcanada the Sneak (Spriggan Brigand)             Turns: 1830, Time: 00:07:40

Health: -1/23      AC:  3    Str:  7    XL:     4   Next: 49%
Magic:  5/5        EV: 17    Int: 12    God:    Gozag
Gold:   70         SH:  0    Dex: 18    Spells: 3/3 levels left

rFire   . . .      SeeInvis +   a - +2 dagger
rCold   . . .      Faith    .   (no shield)
rNeg    + . .      Spirit   .   b - +0 robe
rPois   .          Reflect  .   (helmet restricted)
rElec   .          Harm     .   c - +0 cloak
rCorr   .          Rampage  .   (gloves unavailable)
Will    +....                   (boots unavailable)
Stlth   ++++......              (no amulet)
HPRegen 0.07/turn               f - ring of positive energy
MPRegen 0.09/turn               h - ring of willpower

@: very quick
A: very small, no large weapons, unfitting armour, see invisible, speed 3
a: Renounce Religion, Potion Petition, Call Merchant, Bribe Branch


You were on level 3 of the Dungeon.
You worshipped Gozag.
Gozag was noncommittal.
You visited 1 branch of the dungeon, and saw 3 of its levels.

You collected 127 gold pieces.
You paid 57 gold pieces to Gozag.

Inventory:

Hand Weapons
 a - a +2 dagger (weapon)
Missiles
 m - 58 stones (quivered)
Armour
 b - a +0 robe (worn)
 c - a +0 cloak (worn)
Jewellery
 f - a ring of positive energy (left hand)
 h - a ring of willpower (right hand)
Scrolls
 i - a scroll of identify {unknown}
 k - a scroll of teleportation {unknown}
 n - a scroll of magic mapping {unknown}
 o - a scroll of enchant weapon {unknown}
 p - 2 scrolls of enchant armour {unknown}
 s - a scroll of vulnerability {unknown}
Potions
 g - 2 potions of lignification {unknown}
 j - a potion of cancellation {unknown}
 l - 4 potions of mutation {unknown}
 q - a potion of resistance {unknown}
 r - 2 potions of curing {unknown}


   Skills:
 * Level 1.8 Fighting
 + Level 2.6 Short Blades
 + Level 2.4 Throwing
 * Level 2.6 Dodging
 * Level 7.7 Stealth


You had 3 spell levels left.
You didn't know any spells.
Your spell library was empty.

Dungeon Overview and Level Annotations

Branches:
Dungeon (3/15)

Altars:
Gozag
Uskayaw

Annotations:
D:3 1 transporter, Ijyb


Innate Abilities, Weirdness & Mutations

You are very small and have problems with some larger weapons.
You are too small for most types of armour.
You have supernaturally acute eyesight. (SInv)
You cover ground extremely quickly. (Speed+++)


Message History

Aim: Ijyb, wielding a +0 dagger, wearing a +0 leather armour and carrying a wand of iceblast (3) (heavily wounded, poisoned, slow, 55% to hit)
You throw a curare-tipped dart.
The curare-tipped dart barely misses Ijyb.
Throw: 59 stones
Press: ? - help, Q - select action, (/) - cycle Shift-Dir - straight line, f/p - Ijyb
Aim: Ijyb, wielding a +0 dagger, wearing a +0 leather armour and carrying a wand of iceblast (3) (heavily wounded, poisoned, slow, 55% to hit)
You throw a stone. The stone hits Ijyb but does no damage.
Ijyb is heavily wounded.
You open the door.
There is an open door here.
Found a twisted bone wand.
Found a transporter.
You start resting.
The orc priest shouts!
Something shouts, "Give up, thou peaked doghearted pinchbeck-pixie!"
Ijyb is nearby!
You hit Ijyb.
Ijyb is almost dead.
Ijyb misses you.
You hit Ijyb but do no damage.
Ijyb is almost dead.
Ijyb barely misses you.
You hit Ijyb but do no damage.
Ijyb is almost dead.
Ijyb barely misses you.
The shadow imp shouts, "Go and return not, thou dankish doghearted slabber!"
You hit Ijyb but do no damage.
Ijyb is almost dead.
You hear a shout!
Ijyb hits you with a +0 dagger.
You barely miss Ijyb.
Ijyb is almost dead.
Ijyb completely misses you.
You hit Ijyb but do no damage.
Ijyb is almost dead.
You hit Ijyb but do no damage.
Ijyb is almost dead.
Ijyb barely misses you.
Ijyb zaps a wand.
The mass of ice explodes!
The iceblast engulfs you!
You die...
Your body crumbles into a pile of gold.

.....####.. ..$.......#
#5≈PP ......##### .#5≈..
..(.#.# .#o≈.. ..g##+#
.####+ ...# ####
##+#.#P../ .#.# $ #..#
#....#8P.© .#.#
#..#####....#####
.#(#####......g.@......©
.#..g.g...#####...####..
.#.###+#### #...# .#.#
#...# .#.# #...# .#.#
#...# .#.# ##### .#.#
.#.#


You could see Ijyb, an orc priest and 2 shadow imps.

Vanquished Creatures
  A scorpion (D:2)
  A worm (D:2)
  A dart slug (D:1)
  3 endoplasms (D:1)
  3 giant cockroaches
  4 goblins
  7 hobgoblins
  2 jackals (D:2)
  A quokka (D:1)
  A ball python (D:1)
  4 bats
  4 frilled lizards
  4 rats
36 creatures vanquished.

Vanquished Creatures (others)
  A hobgoblin (D:3)
1 creature vanquished.

Grand Total: 37 creatures vanquished

Notes
Turn   | Place    | Note
-------+----------+-------------------------------------------
     0 | D:1      | styxcanada the Spriggan Brigand began the quest for the
                  | Orb.
     0 | D:1      | Reached XP level 1. HP: 10/10 MP: 2/2
   179 | D:1      | Reached skill level 6 in Stealth
   285 | D:1      | Reached XP level 2. HP: 7/14 MP: 3/3
   292 | D:1      | Found a faded altar of an unknown god.
  1217 | D:2      | Reached XP level 3. HP: 18/18 MP: 4/4
  1581 | D:2      | Noticed a scorpion
  1586 | D:2      | Killed a scorpion
  1587 | D:2      | Reached skill level 7 in Stealth
  1587 | D:2      | Reached XP level 4. HP: 23/23 MP: 5/5
  1656 | D:3      | Found an opulent altar of Gozag.
  1664 | D:3      | Became a worshipper of Gozag Ym Sagoz the Greedy
  1702 | D:3      | Found a hide-covered altar of Uskayaw.
  1744 | D:3      | Noticed a +0 dagger
  1744 | D:3      | Noticed a +0 hand axe
  1764 | D:3      | Noticed Ijyb
  1812 | D:3      | Found a transporter.
  1830 | D:3      | Killed from afar by Ijyb

Illustrated notes

Levels and vault maps discovered:
D:1:      ebering_trefoil_twist, layout_basic, ebering_ecumenical_altar_rust
D:2:      layout_rooms, glass_columns_a
D:3:      gammafunk_wand_slinger, layout_basic, dancing_weapons_uskayaw,
          nicolae_gozag_cash_rules_everything_around_me, eino_tiny_chamber,
          chequers_serial_rivers_marsh, grunt_ministairs_1,
          minmay_pentomino_pile, uniq_terence, uniq_pargi, uniq_ijyb

Skill      XL: |  1  2  3 |
---------------+----------+-----
Stealth        | 6 7 |  7.7
Dodging        | 2 |  2.6
Fighting       | |  1.8
Short Blades   | |  2.6
Throwing       | |  2.4

Action                   |  1- 3 |  4- 6 || total
-------------------------+-------+-------++-------
Melee: Dagger            |    64 |    29 ||    93
       Punch             |     1 |       ||     1
Throw: Dart              |    21 |    10 ||    31
       Stone             |       |     1 ||     1
 Stab: Sleeping          |     7 |       ||     7
       Distracted        |     1 |       ||     1
Armor: Robe              |     4 |     3 ||     7
Dodge: Dodged            |    36 |    25 ||    61
